 Dungeon Crawl Stone Soup version 0.19.0-2-gae57169 (webtiles) character file.

12 Gargoyl the Skirmisher (level 2, -1/24 HPs)
             Began as a Demonspawn Abyssal Knight on Nov 3, 2016.
             Was a Follower of Lugonu.
             Killed from afar by a bat (25 damage)
             ... with an exploding inner flame
             ... hexed by the player character
             ... on level 1 of the Dungeon.
             The game lasted 00:00:58 (496 turns).

Gargoyl the Skirmisher (Demonspawn Abyssal Knight)   Turns: 496, Time: 00:00:58

Health: -1/24      AC:  5    Str: 12    XL:     2   Next: 20%
Magic:  3/3        EV: 11    Int: 13    God:    Lugonu [*.....]
Gold:   35         SH:  0    Dex: 12    Spells: 0 memorised, 1 level left

rFire  . . .     SeeInvis .     a - +1 hand axe
rCold  . . .     Gourm    .     b - +0 leather armour
rNeg   . . .     Faith    .     (no shield)
rPois  .         Spirit   .     (no helmet)
rElec  .         Reflect  .     (no cloak)
rCorr  .         Harm     .     (no gloves)
MR     .....                    f - +1 pair of boots
Stlth  +.........               (no amulet)
                                (no ring)
                                (no ring)

@: no status effects
A: demonic guardian 1
a: Depart the Abyss, Renounce Religion


You were on level 1 of the Dungeon.
You worshipped Lugonu.
Lugonu was aware of your devotion.
You were not hungry.

You visited 1 branch of the dungeon, and saw 1 of its levels.
You visited the Abyss 1 time.

You collected 35 gold pieces.

Inventory:

Hand Weapons
 a - a +1 hand axe (weapon)
Armour
 b - a +0 leather armour (worn)
 f - a +1 pair of boots (worn)
Jewellery
 l - an uncursed ring of magical power {unknown}
Potions
 d - a potion of heal wounds {unknown}
 e - a potion of berserk rage {unknown}
 i - a potion of brilliance {unknown}
 m - a potion of might {unknown}
Comestibles
 c - a bread ration


   Skills:
 + Level 3.2 Fighting
 + Level 2.0 Axes
 * Level 2.0 Armour
 + Level 1.0 Dodging
 * Level 2.5 Invocations


You had one spell level left.
You didn't know any spells.

Dungeon Overview and Level Annotations

Branches:
Dungeon (1/15)

Altars:


Innate Abilities, Weirdness & Mutations

A weak demonic guardian rushes to your aid.


Message History

m - a murky amethyst potion A bat comes into view.
As you read the scroll labeled BEGAQI PORPHORA, it crumbles to dust.
The creatures around you are filled with an inner flame!
It was a scroll of immolation.
As you read the scroll labeled RAAPAZUAPA, it crumbles to dust.
You feel aware of your surroundings.
It was a scroll of magic mapping.
As you read the scroll labeled DEPRISHUNIO, it crumbles to dust.
It is a scroll of enchant armour.
Your +0 pair of boots glows green for a moment.
The bat barely misses you.
As you read the scroll labeled METREI QUNOO, it crumbles to dust.
It is a scroll of recharging.
You aren't carrying any rechargeable items.
The bat closely misses you.
You hit the bat.
The bat explodes!
The fiery explosion engulfs you!
Ouch! That really hurt!
You die...

*,,,...#######+###....,*****
*,****#...............,,,,,*
*,* #..........#####.***,*
*,* #...........^....,,,,,
*,* #........†.......,,,,,
*,* #..........#+##..,,,,.
*,* #####.##......#,*###.#
*,* #.....#......#,,....#
*,* #..§@§#......###.##.#
*,* #..#§§+.............#
*,* #..#§§#......#.......
*,* #.....#......#.......
*,* #.,#....######.......
*,* ***#.,...#'#*####.......
*,* *,,,,,.....,*#..........
*,***,,,,,......*#..........
*,,,,,,,,,,,,,,,*#.........#


There were no monsters in sight!

Vanquished Creatures
  A dart slug (D:1)
  A leopard gecko (D:1)
  A bat (D:1)
  A giant cockroach (D:1)
  2 hobgoblins (D:1)
  A ball python (D:1)
  A frilled lizard (D:1)
  A goblin (D:1)
9 creatures vanquished.

Notes
Turn   | Place    | Note
-------+----------+-------------------------------------------
     0 | Abyss:1  | Gargoyl the Demonspawn Abyssal Knight began the quest for the Orb.
     0 | Abyss:1  | Reached XP level 1. HP: 18/18 MP: 2/2
    70 | Abyss:1  | Noticed an ancient zyme
    87 | Abyss:1  | Noticed a small abomination
    96 | Abyss:1  | Noticed a wretched star
    96 | Abyss:1  | Noticed a tentacled starspawn
    97 | Abyss:1  | Noticed a tentacled starspawn
    98 | D:1      | Escaped the Abyss
   267 | D:1      | Reached skill level 1 in Dodging
   391 | D:1      | Gained mutation: A weak demonic guardian rushes to your aid. [demonic ancestry]
   391 | D:1      | Reached XP level 2. HP: 24/24 MP: 3/3
   421 | D:1      | Reached * piety under Lugonu
   496 | D:1      | Killed from afar by a bat

Skill      XL: |  1 |
---------------+----+-----
Dodging        | 1 |  1.0
Axes           | 2 |  2.0
Armour         | 2 |  2.0
Fighting       | |  3.2
Invocations    | |  2.5

Action                   || total
-------------------------++-------
Melee: Hand axe          ||    20
Invok: Depart the Abyss  ||     1
  Use: Scroll            ||     4
Armor: Leather armour    ||     9
Dodge: Dodged            ||    17
